Unix NetHack Version 3.7.0-71 Work-in-progress - last build Jan 31 2023 02:41:03 (7ba98a1283f2b7cec35fde026edb48fc825ab8ae,branch:master). Game began 2023-02-02 23:05:13, ended 2023-02-03 00:17:51. Kontroller, lawful male human Knight --- |..- -- -- -- |...--.--. .. ---......... . -........... .. ........... -. |........( .. -........ -.- |........--.. --- | ---.........|.| --.-- |!............f.G| ....-- -.............)@-----....| ---- -................G.. ----...|.--....| ----.<-- -. ----------#- --..........---......| |..................-- --..>......^......-- ----....---.....-- --..-- --..--- ---- ---- Kontroller the Bachelor St:18 Dx:9 Co:13 In:10 Wi:14 Ch:17 Lawful S:2309 Dlvl:6 $:17 HP:0(47) Pw:34(34) AC:2 Xp:6/482 T:3599 Burdened Latest messages: You begin bashing monsters with your lance. You miss the dwarf. The dwarf swings his pick-axe. The dwarf hits! The dwarf swings his pick-axe. The dwarf hits! You hit the dwarf. You hit the dwarf. You hit the dwarf. The gnome wields an aklys! You hit the dwarf. You miss the dwarf. The dwarf swings his pick-axe. The dwarf hits! The dwarf picks up 14 darts. The gnome picks up 8 darts. The dwarf swings his pick-axe. The dwarf hits! Are you sure you want to pray? [yn] (n) y You begin praying to Lugh. You are surrounded by a shimmering light. The dwarf starts to attack you, but pulls back. The gnome picks up an orange gem. The gnome picks up a gem. You finish your prayer. You feel that Lugh is well-pleased. You feel much better. The dwarf swings his pick-axe. The dwarf hits! You kill the dwarf! There are many objects here. The gnome hits! You hit the gnome. The gnome hits! You hit the gnome. The housecat bites! The gnome hits! The gnome swings his aklys. The gnome hits! You kill the gnome! The housecat bites! The housecat bites! You hit the gnome. The housecat bites! The gnome swings his aklys. The gnome hits! The housecat bites! You die... Do you want your possessions identified? [ynq] (y) y Do you want to see your attributes? [ynq] (y) q Inventory: Coins $ - 17 gold pieces Weapons j - 12 +0 darts l - a +0 dagger a - the blessed rustproof +1 Excalibur (alternate weapon; not wielded) p - a +0 long sword b - a rusty +1 lance (weapon in hand) Armor V - an uncursed +0 dwarvish iron helm (being worn) f - an uncursed +0 pair of leather gloves (being worn) e - an uncursed +0 small shield (being worn) c - an uncursed +1 ring mail (being worn) Comestibles g - an uncursed apple h - 8 uncursed carrots y - 3 uncursed food rations m - 2 uncursed tripe rations Rings I - a blessed +2 ring of gain strength (on right hand) Wands r - a wand of digging (0:6) q - a wand of slow monster (0:6) L - a wand of undead turning (0:4) Tools k - an uncursed sack containing 26 items w - an uncursed skeleton key S - an uncursed tin opener Gems/Stones Q - an uncursed agate stone D - an uncursed jade stone W - 2 uncursed worthless pieces of orange glass U - an uncursed worthless piece of red glass M - 2 uncursed worthless pieces of violet glass O - an uncursed worthless piece of yellow glass Contents of the sack: 94 gold pieces 2 uncursed scrolls of blank paper a blessed scroll of charging an uncursed scroll of enchant armor a blessed scroll of identify an uncursed scroll of identify 3 uncursed scrolls of identify an uncursed scroll of remove curse an uncursed potion of fruit juice a cursed potion of gain energy an uncursed potion of healing an uncursed potion of invisibility an uncursed potion of speed an uncursed ring of fire resistance an uncursed +4 ring of increase accuracy an uncursed +1 ring of increase accuracy an uncursed ring of poison resistance an uncursed ring of poison resistance an uncursed ring of poison resistance an uncursed ring of polymorph control an uncursed ring of regeneration an uncursed ring of searching an uncursed ring of slow digestion an uncursed ring of sustain ability an uncursed ring of warning an uncursed ring of warning Kontroller the Knight's attributes: Background: You were a Bachelor, a level 6 male human Knight. You were lawful, on a mission for Lugh who was opposed by Brigit (neutral) and Manannan Mac Lir (chaotic). You were in the Gnomish Mines, on level 6. You entered the dungeon 3599 turns ago. It was the midnight hour. You had 482 experience points, 158 more were needed to attain level 7. Your score was 2309 before end-of-game adjustments. Basics: You had 0 out of 47 hit points. You had all 34 energy points (spell power). Your armor class was 2. Your wallet contained 17 zorkmids, and you had 94 more stashed away in your pack. Autopickup was off. Final Characteristics: Your strength was 18 (base:16, limit:18/100). Your dexterity was 9 (limit:18). Your constitution was 13 (limit:18). Your intelligence was 10 (limit:18). Your wisdom was 14 (limit:18). Your charisma was 17 (limit:18). Final Status: You were not hungry. You were burdened; movement was slightly slowed. You were wielding a lance. You were skilled in lance. Final Attributes: You were piously aligned. You were telepathic. You could jump. You were warded. You are dead. Miscellaneous: You never encountered a bones level. Total elapsed playing time was 1 hour, 12 minutes and 37 seconds. Major events: Turn 1: Kontroller the lawful male human Knight entered the dungeon 1169: attained the rank of Esquire (level 3) 2716: signified by divine providence, was chosen to carry Excalibur 2847: entered the Gnomish Mines 3220: attained the rank of Bachelor (level 6) 3599: killed by a housecat Vanquished creatures: a bugbear 2 imps a pony 2 yellow lights 2 gnome leaders a gray ooze a straw golem 2 giant ants a little dog a floating eye 4 dwarves a homunculus 2 rothes a rabid rat a monkey 2 orc zombies 7 iguanas an acid blob a coyote a gas spore 2 manes 2 giant rats a cave spider a brown mold 14 gnomes 13 garter snakes a gnome zombie 6 geckos 2 jackals 2 kobolds 4 goblins a sewer rat 11 grid bugs 6 lichens 2 kobold zombies 9 newts 112 creatures vanquished. No species were genocided or became extinct. Voluntary challenges: You read items or engraved 7 times. You never engraved Elbereth. You never genocided any monsters. You never polymorphed an object. You never changed form. You used no wishes. Achievements: You entered a shop. You attained the rank of Esquire. You entered the Gnomish Mines. You attained the rank of Bachelor. The Dungeons of Doom: levels 1 to 6 Level 1: Many altars, a fountain, a sink. Level 2: An altar to Lugh. Level 3: A jewelers. Level 4: A potion shop, a grave. Stairs down to The Gnomish Mines. Level 5: Some fountains. Level 6: Many fountains. Oracle of Delphi. The Gnomish Mines: levels 5 to 6 Level 5: Level 6: <- You were here. Final resting place for you, killed by a housecat. Game over: ---------- / \ / REST \ / IN \ / PEACE \ / \ | Kontroller | | 111 Au | | killed by a | | housecat | | | | | | 2023 | *| * * * | * _________)/\\_//(\/(/\)/\//\/|_)_______ Fare thee well Kontroller the Knight... You died in The Gnomish Mines on dungeon level 6 with 2298 points, and 111 pieces of gold, after 3599 moves. You were level 6 with a maximum of 47 hit points when you died.